 Dungeon Crawl Stone Soup version 0.29-a0-322-g68df515428 (webtiles) character file.

Game seed: 16435054595317758541

2368 Alarak the Severer (level 9, -8/72 HPs)
             Began as a Hill Orc Monk on Apr 8, 2022.
             Was a Believer of Beogh.
             Mangled by a yak (9 damage)
             ... on level 8 of the Dungeon.
             The game lasted 00:16:26 (8456 turns).

Alarak the Severer (Hill Orc Monk)                  Turns: 8456, Time: 00:16:26

Health: -8/72      AC: 16    Str: 24    XL:     9   Next: 44%
Magic:  9/9        EV: 11    Int: 10    God:    Beogh [**....]
Gold:   417        SH:  0    Dex: 13    Spells: 8/8 levels left

rFire   . . .      SeeInvis .   K - +3 war axe
rCold   . . .      Faith    .   (no shield)
rNeg    . . .      Spirit   .   k - +0 ring mail
rPois   .          Reflect  .   e - +0 helmet
rElec   .          Harm     .   J - +0 cloak
rCorr   .          Rampage  .   n - +2 pair of gloves
Will    .....                   o - +0 pair of boots
Stlth   +.........              g - amulet of the acrobat
HPRegen 0.22/turn               q - +4 ring of protection
MPRegen 0.11/turn               i - +6 ring of strength

@: slowed, very slow
A: no striking features
a: Renounce Religion, Smiting


You were on level 8 of the Dungeon.
You worshipped Beogh.
Beogh was pleased with you.
You visited 1 branch of the dungeon, and saw 8 of its levels.
You also visited: Ossuary.

You collected 417 gold pieces.

Inventory:

Hand Weapons
 K - a +3 war axe (weapon)
Missiles
 t - 26 poisoned darts (quivered)
 u - 5 curare-tipped darts
Armour
 e - a +0 helmet (worn)
 k - a +0 ring mail (worn)
 n - a +2 pair of gloves (worn)
 o - a +0 pair of boots (worn)
 w - a +1 leather armour of poison resistance
 J - a +0 cloak (worn)
Jewellery
 g - an amulet of the acrobat (around neck)
 h - a ring of protection from fire
 i - a +6 ring of strength (right hand)
 q - a +4 ring of protection (left hand)
Wands
 v - a wand of iceblast (7)
 H - a wand of digging (4)
Scrolls
 f - 2 scrolls of immolation
 y - 4 scrolls of identify
 A - a scroll of noise {unknown}
 B - a scroll of magic mapping
 C - a scroll of enchant armour {unknown}
 D - 2 scrolls of amnesia {unknown}
 E - a scroll of enchant weapon
 F - 2 scrolls of teleportation
 G - a scroll of fog {unknown}
Potions
 b - a potion of magic {unknown}
 c - 2 potions of ambrosia
 d - 7 potions of curing
 j - 4 potions of heal wounds
 l - 3 potions of mutation
 m - a potion of cancellation {unknown}
 p - 2 potions of attraction {unknown}
 s - a potion of might {unknown}
 x - a potion of brilliance {unknown}
 z - 2 potions of flight {unknown}


   Skills:
 - Level 4.7 Fighting
 + Level 15.2 Axes
 - Level 3.5 Armour
 - Level 2.4 Dodging
 - Level 1.5 Stealth


You had 8 spell levels left.
You didn't know any spells.
Your spell library contained the following spells:

 Spells                   Type           Power      Damage    Failure   Level
 Summon Small Mammal      Summ           0%         N/A       50%         1
 Call Imp                 Summ           0%         N/A       65%         2
 Call Canine Familiar     Summ           0%         N/A       86%         3
 Malign Gateway           Summ/Tloc      0%         N/A       100%        7
 Summon Hydra             Summ           0%         N/A       100%        7


Dungeon Overview and Level Annotations

Branches:
Dungeon (8/15)            Ossuary (visited)
 Temple: D:4-7         Lair: D:8-11

Altars:
Ashenzari
Fedhas
Makhleb
Okawaru
Sif Muna
Uskayaw
Vehumet
Yredelemnul

Shops:
D:3 *


Message History

The kobold brigand hits you with a +0 short sword.
The kobold hits you but does no damage. The yak gores you!
The yak gores you but does no damage. The kobold hits you but does no damage.
The yak gores you.
* * * LOW HITPOINT WARNING * * *
The kobold closely misses you.
You are too injured to fight recklessly!
You are too injured to fight recklessly!
You are too injured to fight recklessly!
You are too injured to fight recklessly!
You are too injured to fight recklessly!
You are too injured to fight recklessly!
You hit the yak.
The yak is severely wounded.
You hit the yak but do no damage. You barely miss the kobold brigand.
You hit the kobold but do no damage. You miss the kobold.
You barely miss the kobold. You hit the yak.
The kobold brigand hits you with a +0 short sword.
* * * LOW HITPOINT WARNING * * *
The kobold hits you with a +2 short sword of flaming.
* * * LOW HITPOINT WARNING * * *
The kobold burns you.
* * * LOW HITPOINT WARNING * * *
The yak gores you but does no damage. The yak barely misses you.
The kobold closely misses you. The yak gores you.
* * * LOW HITPOINT WARNING * * *
The kobold hits you with a +0 club.
* * * LOW HITPOINT WARNING * * *
You hit the yak.
The yak is almost dead.
You slash the yak! You hit the kobold.
You kill the kobold!
Beogh accepts your kill.
You closely miss the kobold. You hit the kobold.
You kill the kobold!
Beogh accepts your kill.
You closely miss the kobold. You barely miss the kobold brigand.
You closely miss the yak. The kobold brigand barely misses you.
The yak gores you!
You die...

## #.........# ##.#
##.......##
#...###........######
#....#........##.##..
#.............#...... #
##....####...........
...#..#...########.<....
......K)K...# #.......
#.....)@KK..# #.....#..
......YYY...#####....###
...#...Y........#)...[
.....>.............#...
.....................#..
##.##...........###..#
## ............#
......[......#
...(.........


You could see 4 yaks, a kobold brigand and 3 kobolds.

Vanquished Creatures
  A wraith (D:8)
  A water moccasin (D:5)
  2 ice beasts
  2 sky beasts
  An ogre (D:6)
  3 kobold brigands
  5 water moccasin zombies (Ossuary)
  5 wights
  3 killer bees
  3 hounds
  3 jellies
  Crazy Yiuf (D:5)
  4 orc wizards
  Ijyb (D:3)
  3 iguanas
  2 mummies (Ossuary)
  4 gnolls (D:2)
  5 adders
  4 adder zombies (Ossuary)
  5 worms
  4 dart slugs
  7 orcs
  8 ball pythons
  3 bats
  4 endoplasms
  5 giant cockroaches
  9 goblins
  2 hobgoblins
  5 jackals
  20 kobolds
  4 quokkas
  2 gnoll zombies (Ossuary)
  5 hobgoblin zombies (Ossuary)
  7 kobold zombies (Ossuary)
  An orc zombie (Ossuary)
  9 rats
153 creatures vanquished.

Vanquished Creatures (others)
  A yak (D:8)
  A kobold brigand (D:8)
  2 orc wizards
  3 kobolds (D:8)
  A demonic plant (D:3)
  11 fungi
  3 plants (D:3)
22 creatures vanquished.

Grand Total: 175 creatures vanquished

Notes
Turn   | Place    | Note
-------+----------+-------------------------------------------
     0 | D:1      | Alarak the Hill Orc Monk began the quest for the Orb.
     0 | D:1      | Reached XP level 1. HP: 19/19 MP: 1/1
   238 | D:1      | Reached XP level 2. HP: 26/26 MP: 2/2
   364 | D:1      | Reached skill level 5 in Axes
   615 | D:1      | Reached XP level 3. HP: 30/31 MP: 3/3
   952 | D:2      | Reached skill level 6 in Axes
  1402 | D:2      | Reached XP level 4. HP: 40/40 MP: 4/4
  1844 | D:2      | Reached skill level 1 in Armour
  1846 | D:2      | Reached skill level 7 in Axes
  1849 | D:2      | Reached XP level 5. HP: 43/46 MP: 5/5
  2312 | D:3      | Found Derorgh's General Store.
  2352 | D:3      | Found a faded altar of an unknown god.
  2383 | D:3      | Found a radiant altar of Vehumet.
  2388 | D:3      | Got the Reference Book on Summoning
  2826 | D:3      | Noticed a sky beast
  2867 | D:3      | Killed a sky beast
  2868 | D:3      | Reached XP level 6. HP: 18/53 MP: 6/6
  3129 | D:3      | Found a shimmering blue altar of Sif Muna.
  3221 | D:3      | Noticed Ijyb
  3277 | D:3      | Killed Ijyb
  3494 | D:4      | Found a burning altar of Makhleb.
  3965 | D:4      | Reached skill level 8 in Axes
  4077 | D:4      | Found an iron altar of Okawaru.
  4159 | D:4      | Found a basalt altar of Yredelemnul.
  4649 | D:5      | Entered Level 5 of the Dungeon
  4687 | D:5      | Noticed an ice beast
  4691 | D:5      | Found a sand-covered staircase.
  4696 | Ossuary  | Entered an ossuary
  4790 | Ossuary  | Reached XP level 7. HP: 53/60 MP: 7/7
  4847 | Ossuary  | Reached skill level 9 in Axes
  5006 | D:5      | Reached skill level 10 in Axes
  5102 | D:5      | Reached XP level 8. HP: 42/67 MP: 8/8
  5236 | D:5      | Reached skill level 11 in Axes
  5452 | D:5      | Found a broken altar of Ashenzari.
  5583 | D:5      | You fall into a shaft and drop 3 floors!
  5583 | D:8      | Noticed a yak
  5583 | D:8      | Noticed a yak
  5583 | D:8      | Noticed a yak
  5583 | D:8      | Noticed a yak
  5584 | D:8      | Noticed a yak
  5631 | D:7      | Found a hide-covered altar of Uskayaw.
  5773 | D:8      | Became a worshipper of Beogh the Brigand
  5773 | D:8      | Reached * piety under Beogh
  5773 | D:8      | Reached ** piety under Beogh
  5843 | D:8      | Reached skill level 12 in Axes
  6012 | D:8      | Noticed a wraith
  6187 | D:7      | Found a blossoming altar of Fedhas.
  6214 | D:7      | Reached skill level 13 in Axes
  6533 | D:7      | Reached XP level 9. HP: 67/72 MP: 9/9
  6684 | D:7      | Reached skill level 14 in Axes
  7220 | D:5      | Found a runed translucent door.
  7221 | D:5      | Noticed Crazy Yiuf
  7239 | D:5      | Killed Crazy Yiuf
  8319 | D:8      | Reached skill level 15 in Axes
  8455 | D:8      | HP: 3/72 [yak (5)]
  8455 | D:8      | HP: 1/72 [kobold/+0 club (2)]
  8456 | D:8      | Mangled by a yak

Illustrated notes

Levels and vault maps discovered:
D:1:      wander_arrival_desolate, layout_basic
D:2:      layout_rooms
D:3:      layout_basic, lemuel_doored_altar, nicolae_vehumet_altar_sigil,
          shapermc_ecumenical_altar_gd, serial_shops,
          nicolae_shop_hallway_stairs, uniq_ijyb
D:4:      wander_river, layout_basic, mainiacjoe_overflow_brackets,
          amcnicky_altar_gilded, mainiacjoe_overflow_small_starburst
D:5:      layout_loops_ring, evilmike_ruin_ashenzari, enter_ossuary_2,
          uniq_crazy_yiuf_cottage
D:6:      layout_basic, minmay_temple_entry_drinking_statues, serial_shops,
          shop, minmay_misc_feat_tower
D:7:      layout_basic, mainiacjoe_overflow_six_doors_small,
          nicolae_overflow_hidden_temple, minmay_misc_feat_iff
D:8:      layout_cave_pools

Skill      XL: |  1  2  3  4  5  6  7  8  9 |
---------------+----------------------------+-----
Axes           | 5 6 7 8 10 13 15 | 15.2
Armour         | 1 2 3 |  3.5
Fighting       | 4 |  4.7
Dodging        | |  2.4
Stealth        | |  1.5

Action                   |  1- 3 |  4- 6 |  7- 9 || total
-------------------------+-------+-------+-------++-------
Melee: Hand axe          |   121 |   337 |   351 ||   809
       Punch             |       |     3 |    10 ||    13
       War axe           |       |       |    33 ||    33
Invok: Convert to Beogh  |       |       |     1 ||     1
  Use: Scroll            |       |    11 |     3 ||    14
       Potion            |       |       |     2 ||     2
 Stab: Distracted        |       |     1 |       ||     1
       Sleeping          |       |       |     1 ||     1
Armor: Robe              |    17 |       |       ||    17
       Ring mail         |    14 |   149 |   166 ||   329
Dodge: Dodged            |    79 |   158 |   258 ||   495

Table legend: (Time is in decaauts)
 A = Elapsed time spent in this place.
 B = Non-inter-level travel time spent in this place.
 C = Inter-level travel time spent in this place.
 D = Time resting spent in this place.
 E = Time spent auto-exploring this place.
 F = Levels seen in this place.
 G = Mean time per level.
                   A        B        C        D        E       F      G
               +--------+--------+--------+--------+--------+-----+--------+
         Total |   8372 |   7654 |    718 |   2454 |   3807 |   9 |  930.2 |
       Dungeon |   8098 |   7380 |    718 |   2454 |   3680 |   8 | 1012.2 |
       Ossuary |    274 |    274 |      0 |      0 |    127 |   1 |  274.0 |
               +--------+--------+--------+--------+--------+-----+--------+

Top non-repeatable levels by time:
     D:3: 1774 daAuts
     D:7: 1548 daAuts
     D:5: 1217 daAuts
     D:2: 1174 daAuts
     D:1: 928 daAuts
     D:4: 781 daAuts
     D:8: 522 daAuts
 Ossuary: 274 daAuts
     D:6: 152 daAuts
